 Dungeon Crawl Stone Soup version 0.27-a0-1191-g601b473118 (webtiles) character file.

Game seed: 10093143904250216113

393 polve the Slasher (level 6, 0/44 HPs)
             Began as a Demonspawn Gladiator on May 23, 2021.
             Succumbed to a scorpion's poison
             ... on level 4 of the Dungeon.
             The game lasted 00:02:17 (3639 turns).

polve the Slasher (Demonspawn Gladiator)            Turns: 3639, Time: 00:02:18

Health: 0/44       AC:  8    Str: 16    XL:     6   Next: 51%
Magic:  6/6        EV: 12    Int: 10    God:
Gold:   130        SH:  0    Dex: 14    Spells: 5/5 levels left

rFire    . . .     SeeInvis .   a - +0 long sword
rCold    . . .     Faith    .   (no shield)
rNeg     . . .     Spirit   .   b - +0 leather armour
rPois    .         Reflect  .   c - +0 helmet
rElec    .         Harm     .   j - +0 cloak {Will+}
rCorr    .         Rampage  .   (no gloves)
Will     +....                  (no boots)
Stlth    +.........             (no amulet)
HPRegen  0.14/turn              (no ring)
MPRegen  0.10/turn              (no ring)

@: lethally poisoned (0 -> -23)
A: thin metallic scales 2, foul stench 1
a: no special abilities


You were on level 4 of the Dungeon.
You visited 1 branch of the dungeon, and saw 4 of its levels.

You collected 130 gold pieces.

Inventory:

Hand Weapons
 a - a +0 long sword (weapon)
Missiles
 d - 3 throwing nets (quivered)
Armour
 b - a +0 leather armour (worn)
 c - a +0 helmet (worn)
 j - a +0 cloak of willpower (worn)
Scrolls
 e - 3 scrolls of identify {unknown}
 i - 4 scrolls of enchant armour {unknown}
 k - a scroll of amnesia {unknown}
 l - a scroll of teleportation {unknown}
 m - a scroll of noise {unknown}
 p - a scroll of magic mapping {unknown}
Potions
 f - a potion of mutation {unknown}
 g - 2 potions of degeneration
 h - 2 potions of curing {unknown}
 n - a potion of lignification
 o - a potion of heal wounds {unknown}


   Skills:
 - Level 2.0 Fighting
 + Level 6.8 Long Blades
 - Level 1.7 Throwing
 - Level 2.6 Dodging


You had 5 spell levels left.
You didn't know any spells.
Your spell library was empty.

Dungeon Overview and Level Annotations

Branches:
Dungeon (4/15)
 Temple: D:4-7

Altars:
Vehumet
Xom


Innate Abilities, Weirdness & Mutations

You are mostly covered in thin metallic scales. (AC +3)
You may rarely emit foul miasma when damaged in melee.


Message History

You are too injured to fight recklessly!
You barely miss the jelly.
The jelly is severely wounded.
The jelly closely misses you.
You hit the jelly.
Your hands burn!
The jelly is almost dead.
The jelly hits you.
You are splashed with acid!
You barely miss the jelly.
The jelly is almost dead.
The jelly hits you.
You are splashed with acid.
You completely miss the jelly.
The jelly is almost dead.
The jelly hits you but does no damage.
You hit the jelly.
You kill the jelly!
You are no longer corroded.
You see here a +0 club.
A scorpion comes into view.
You hit the giant cockroach.
You kill the giant cockroach!
You are too injured to fight recklessly!
An orc comes into view. It is wielding a +0 club.
Why would you want to do that?
You are too injured to fight recklessly!
You hit the scorpion but do no damage. The scorpion stings you.
You are poisoned.
The scorpion poisons you!
You completely miss the scorpion.
You feel very sick.
The scorpion stings you but does no damage.
The scorpion stings you.
You are lethally poisoned!
The scorpion poisons you!
* * * LOW HITPOINT WARNING * * *
You feel very sick. The scorpion stings you.
* * * LOW HITPOINT WARNING * * *
You are more poisoned.
The scorpion poisons you!
You die...

...........##..## ##
.................######.
.............#.......#..
........##...#..........
........###.##.....###..
........#.#........# ##.
#..........).......# #..
.........##........# ##.
......)@≈≈≈≈≈≈≈≈≈###.#..
........≈##≈≈≈##≈#......
...o..s.≈#######≈.......
........≈≈# ≈≈.##....
..#.......+ ≈......# #
#.....≈≈# ≈.....##
.......≈## ≈....# #
........≈# ≈..##
........≈≈ ##


You could see a scorpion and an orc.

Vanquished Creatures
  Grinder (D:3)
  Crazy Yiuf (D:2)
  A jelly (D:4)
  Jessica (D:3)
  3 adders
  3 worms
  4 endoplasms
  3 giant cockroaches
  4 goblins
  5 hobgoblins
  10 jackals
  7 kobolds
  3 quokkas
  6 ball pythons
  6 bats
  5 frilled lizards
  3 rats
66 creatures vanquished.

Vanquished Creatures (others)
  4 plants (D:1)
4 creatures vanquished.

Grand Total: 70 creatures vanquished

Notes
Turn   | Place    | Note
-------+----------+-------------------------------------------
     0 | D:1      | polve the Demonspawn Gladiator began the quest for the Orb.
     0 | D:1      | Reached XP level 1. HP: 16/16 MP: 1/1
    98 | D:1      | Reached skill level 3 in Long Blades
   114 | D:1      | Found a faded altar of an unknown god.
   128 | D:1      | Gained mutation: You may rarely emit foul miasma when
                  | damaged in melee. [demonic ancestry]
   128 | D:1      | Reached XP level 2. HP: 21/22 MP: 2/2
   934 | D:2      | Reached XP level 3. HP: 15/27 MP: 3/3
  1159 | D:2      | Reached skill level 4 in Long Blades
  1448 | D:2      | Found a radiant altar of Vehumet.
  1888 | D:2      | Found a runed translucent door.
  1889 | D:2      | Noticed Crazy Yiuf
  2129 | D:2      | Killed Crazy Yiuf
  2130 | D:2      | Gained mutation: You are partially covered in thin metallic
                  | scales. (AC +2) [demonic ancestry]
  2130 | D:2      | Reached XP level 4. HP: 33/33 MP: 0/4
  2535 | D:3      | Reached skill level 5 in Long Blades
  2683 | D:3      | Noticed Jessica
  2686 | D:3      | Killed Jessica
  2687 | D:3      | Reached XP level 5. HP: 38/38 MP: 5/5
  2753 | D:3      | Noticed Grinder
  2765 | D:3      | Paralysed by Grinder for 4 turns
  2775 | D:3      | Killed Grinder
  2776 | D:3      | Reached skill level 6 in Long Blades
  2776 | D:3      | Gained mutation: You are mostly covered in thin metallic
                  | scales. (AC +3) [demonic ancestry]
  2776 | D:3      | Reached XP level 6. HP: 9/44 MP: 6/6
  3185 | D:3      | Found a shimmering altar of Xom.
  3639 | D:4      | Succumbed to a scorpion's poison

Illustrated notes

Levels and vault maps discovered:
D:1:      dpeg_arrival_simpleton_c, layout_basic,
          hellmonk_ecumenical_altar_pennies_from_heaven, kennysheep_boxes
D:2:      layout_loops_cross, basic_altar, uniq_crazy_yiuf_cottage
D:3:      layout_basic, xom_teletrap_fun, uniq_grinder, uniq_jessica
D:4:      layout_cave_pools, minmay_temple_entry_statues_pillars, serial_shops,
          shop, lightli_minifort

Skill      XL: |  1  2  3  4  5 |
---------------+----------------+-----
Long Blades    | 3 4 5 6 |  6.8
Fighting       | |  2.0
Throwing       | |  1.7
Dodging        | |  2.6

Action                   |  1- 3 |  4- 6 || total
-------------------------+-------+-------++-------
Melee: Long sword        |    98 |    78 ||   176
       Unarmed           |     5 |       ||     5
  Use: Potion            |     2 |     2 ||     4
 Stab: Sleeping          |     1 |     1 ||     2
Armor: Leather armour    |    38 |    23 ||    61
Dodge: Dodged            |    83 |    41 ||   124
       Rpst.: Long sword |    34 |    12 ||    46

Table legend: (Time is in decaauts)
 A = Elapsed time spent in this place.
 B = Non-inter-level travel time spent in this place.
 C = Inter-level travel time spent in this place.
 D = Time resting spent in this place.
 E = Time spent auto-exploring this place.
 F = Levels seen in this place.
 G = Mean time per level.
                   A        B        C        D        E       F      G
               +--------+--------+--------+--------+--------+-----+--------+
         Total |   3669 |   3524 |    145 |      1 |   3067 |   4 |  917.2 |
       Dungeon |   3669 |   3524 |    145 |      1 |   3067 |   4 |  917.2 |
               +--------+--------+--------+--------+--------+-----+--------+

Top non-repeatable levels by time:
     D:2: 1334 daAuts
     D:3: 1327 daAuts
     D:1: 938 daAuts
     D:4: 68 daAuts
